[Event "17th Spilimbergo Open 2019"]
[Site "Spilimbergo"]
[Date "2019.08.10"]
[Round "2.11"]
[White "Henderson de La Fuente, Lance"]
[Black "Bratkovic, Jakob"]
[Result "1-0"]
[WhiteElo "2487"]
[BlackElo "2350"]
[PlyCount "75"]
[EventDate "2019.08.09"]
[EventType "swiss"]
[EventCountry "ITA"]
[TimeControl "5400+30"]
[WhiteClock "0:07:18"]
[BlackClock "0:34:00"]

1. e4 c5 2. Nf3 Nc6 3. d4 cxd4 4. Nxd4 e5 5. Nb5 d6 6. c4 Be7 7. N1c3 a6 8. Na3 Be6 9. Bd3 Bg5 10. O-O Bxc1 11. Rxc1 Nge7 12. Nc2 O-O 13. Qd2 f5 14. Rfd1 Qe8 15. Nd5 Rc8 16. b3 Qf7 17. f3 Kh8 18. Nxe7 Nxe7 19. exf5 Bxf5 20. Ne3 Bxd3 21. Qxd3 Rcd8 22. Rd2 Nc6 23. Rcd1 Nd4 24. Nc2 Ne6 25. Qc3 Nf4 26. Kh1 e4 27. fxe4 Ne2 28. Qf3 Nc3 29. Re1 Nxa2 30. Qxf7 Rxf7 31. h3 Kg8 32. e5 Rfd7 33. e6 Re7 34. Nd4 Nb4 35. Nf5 Ree8 36. e7 Rd7 37. Rxd6 Rc7 38. Rd8 1-0

[Event "17th Spilimbergo Open 2019"]
[Site "Spilimbergo"]
[Date "2019.08.10"]
[Round "2.12"]
[White "Aleksic, Nenad"]
[Black "Yankelevich, Lev"]
[Result "1/2-1/2"]
[WhiteElo "2297"]
[BlackElo "2480"]
[PlyCount "109"]
[EventDate "2019.08.09"]
[EventType "swiss"]
[EventCountry "ITA"]
[TimeControl "5400+30"]
[WhiteClock "0:02:18"]
[BlackClock "0:01:45"]

1. e4 e5 2. Nf3 Nc6 3. d3 g6 4. c3 Bg7 5. Be2 Nge7 6. O-O O-O 7. b4 a6 8. Bb2 b6 9. a3 d5 10. Nbd2 h6 11. Re1 g5 12. Nf1 f5 13. exd5 Nxd5 14. c4 Nf4 15. b5 Nd4 16. Nxd4 exd4 17. Bf3 Rb8 18. Bc1 Ng6 19. a4 Bb7 20. Bxb7 Rxb7 21. Ba3 Rf7 22. Ra2 axb5 23. Rae2 Kh7 24. axb5 Qa8 25. Bb4 Nf4 26. Rb2 Ra7 27. f3 Ra2 28. Rd2 Rxd2 29. Qxd2 Qa4 30. Rb1 Rf6 31. Ng3 Re6 32. Re1 Rxe1+ 33. Qxe1 Qc2 34. Bd2 Nxd3 35. Qe6 Qb1+ 36. Nf1 Nf4 37. Qf7 Ne2+ 38. Kf2 Qd3 39. Bxg5 Qc2 40. Bd2 Nc3 41. Kg3 Ne2+ 42. Kh4 f4 43. Kh5 Qb1 44. Qe6 Qd3 45. Qf7 Qc2 46. Qe6 Nc3 47. Qf7 Ne2 48. Qe6 Nc3 49. Qf7 Qd3 50. Bxf4 Qe2 51. Ng3 Qxg2 52. Qg6+ Kh8 53. Qe8+ Kh7 54. Qg6+ Kh8 55. Qe8+ 1/2-1/2

[Event "17th Spilimbergo Open 2019"]
[Site "Spilimbergo"]
[Date "2019.08.10"]
[Round "3.1"]
[White "Kovalev, Vladislav"]
[Black "Ravi, Teja S."]
[Result "1-0"]
[WhiteElo "2651"]
[BlackElo "2420"]
[PlyCount "149"]
[EventDate "2019.08.09"]
[EventType "swiss"]
[EventCountry "ITA"]
[TimeControl "5400+30"]
[WhiteClock "0:10:09"]
[BlackClock "0:02:33"]

1. e4 c6 2. d4 d5 3. exd5 cxd5 4. Bd3 Nc6 5. c3 Nf6 6. Ne2 g6 7. O-O Bg7 8. Nf4 O-O 9. Re1 Bg4 10. Qb3 Na5 11. Qc2 Rc8 12. h3 Bd7 13. Nd2 Re8 14. Nf3 Qb6 15. Qe2 a6 16. Ne5 Bb5 17. Bxb5 Qxb5 18. Qxb5 axb5 19. Nfd3 Nc4 20. f3 e6 21. Re2 Ra8 22. a3 Rec8 23. Ng4 Nd7 24. Nh6+ Kf8 25. Bf4 Bf6 26. Rae1 Kg7 27. Ng4 Bh4 28. g3 Be7 29. Bh6+ Kg8 30. h4 Nd6 31. Bg5 Bxg5 32. hxg5 Nf5 33. Kf2 Kg7 34. Rh1 Rh8 35. Nh6 Nxh6 36. Rxh6 Rae8 37. f4 f5 38. Ke1 Re7 39. Reh2 Nb6 40. Ne5 Ree8 41. g4 fxg4 42. Kf2 g3+ 43. Kxg3 Nc4 44. Ng4 Nd6 45. Kf3 Ne4 46. Nf6 Nd6 47. Ng4 Ne4 48. Nf6 Nxf6 49. gxf6+ Kxf6 50. Rxh7 Rxh7 51. Rxh7 Re7 52. Rh8 g5 53. Rh6+ Kf5 54. Rh5 Kg6 55. Rxg5+ Kf6 56. Rh5 Rg7 57. Rh8 Ke7 58. Rc8 Kd6 59. Rc5 b4 60. axb4 Rg1 61. b5 Rb1 62. b4 Rf1+ 63. Ke3 Re1+ 64. Kf2 Ra1 65. Ke2 Ra3 66. Kd3 Ra2 67. Rc8 Rf2 68. Rf8 Kc7 69. Rf6 Kb6 70. c4 dxc4+ 71. Kxc4 Kc7 72. b6+ Kd7 73. Kc5 Rc2+ 74. Kb5 Rc6 75. d5 1-0

[Event "17th Spilimbergo Open 2019"]
[Site "Spilimbergo"]
[Date "2019.08.10"]
[Round "3.2"]
[White "Aghayev, Miragha"]
[Black "Bosiocic, Marin"]
[Result "0-1"]
[WhiteElo "2413"]
[BlackElo "2611"]
[PlyCount "90"]
[EventDate "2019.08.09"]
[EventType "swiss"]
[EventCountry "ITA"]
[TimeControl "5400+30"]
[WhiteClock "0:15:45"]
[BlackClock "0:00:50"]

1. e4 c5 2. Nc3 d6 3. Bb5+ Nd7 4. d4 cxd4 5. Qxd4 a6 6. Bxd7+ Bxd7 7. Nge2 Nf6 8. Bg5 e6 9. O-O-O Be7 10. f4 Bc6 11. Bxf6 gxf6 12. Qd3 b5 13. Nd4 Bd7 14. f5 b4 15. fxe6 fxe6 16. Nce2 Qa5 17. Qb3 Qe5 18. Nf3 Qc5 19. Nf4 Rc8 20. Nd3 Qe3+ 21. Nd2 a5 22. Rhe1 Qg5 23. Kb1 Qxg2 24. Nf4 Qg4 25. Rf1 Rg8 26. h3 Qg3 27. Rf3 Qg5 28. e5 Qxe5 29. Rff1 a4 30. Qxb4 d5 31. Qa5 Rb8 32. Nd3 Qd4 33. Nf3 Qb6 34. Qc3 Rg2 35. Rg1 Rc8 36. Qxc8+ Bxc8 37. Rxg2 e5 38. Rg8+ Bf8 39. Nfxe5 Be6 40. Rh8 fxe5 41. Rf1 e4 42. Rhxf8+ Ke7 43. Ne5 a3 44. b3 Qe3 45. Nc6+ Kd6 0-1

[Event "17th Spilimbergo Open 2019"]
[Site "Spilimbergo"]
[Date "2019.08.10"]
[Round "3.4"]
[White "Dragnev, Valentin"]
[Black "Sardana, Rishi"]
[Result "1-0"]
[WhiteElo "2535"]
[BlackElo "2410"]
[PlyCount "87"]
[EventDate "2019.08.09"]
[EventType "swiss"]
[EventCountry "ITA"]
[TimeControl "5400+30"]
[WhiteClock "0:03:21"]
[BlackClock "0:04:23"]

1. Nf3 Nf6 2. c4 e6 3. g3 d5 4. Bg2 dxc4 5. Qa4+ Bd7 6. Qxc4 c5 7. Ne5 Qc8 8. Qd3 Nc6 9. Nxd7 Nxd7 10. b3 Be7 11. Nc3 O-O 12. Bb2 Rd8 13. Rc1 Bg5 14. Qb1 Nf6 15. Qd3 Nd7 16. Qb1 Nf6 17. f4 Bh6 18. Ne4 Nxe4 19. Qxe4 Qd7 20. d3 Qd6 21. Ba3 Nb4 22. Qxb7 Rab8 23. Qe4 Nxa2 24. Bxc5 Qc7 25. Rc2 Qa5+ 26. Kf2 Nb4 27. Rc4 Nd5 28. b4 Qa2 29. Qe5 Qb3 30. Bxa7 Ra8 31. Bc5 Ra2 32. Bxd5 exd5 33. Rc3 Qa4 34. Re1 Qa8 35. Bd4 Qb7 36. Qc7 Qa8 37. b5 Re8 38. b6 Qa4 39. Qc5 g6 40. Qxd5 Bf8 41. Rc7 Re6 42. b7 Qb4 43. Qxa2 Qxd4+ 44. e3 1-0

[Event "17th Spilimbergo Open 2019"]
[Site "Spilimbergo"]
[Date "2019.08.10"]
[Round "3.5"]
[White "Barp, Alberto"]
[Black "Henderson de La Fuente, Lance"]
[Result "1/2-1/2"]
[WhiteElo "2411"]
[BlackElo "2487"]
[PlyCount "52"]
[EventDate "2019.08.09"]
[EventType "swiss"]
[EventCountry "ITA"]
[TimeControl "5400+30"]
[WhiteClock "0:55:00"]
[BlackClock "0:32:00"]

1. d4 Nf6 2. c4 e6 3. Nf3 b6 4. g3 Ba6 5. b3 Bb4+ 6. Bd2 Be7 7. Bg2 c6 8. O-O d5 9. Qc2 Nbd7 10. Rd1 O-O 11. Bc1 Rc8 12. Bb2 c5 13. Nc3 cxd4 14. Nxd4 e5 15. Nf5 d4 16. Ne4 Nc5 17. Nxf6+ Bxf6 18. f4 exf4 19. gxf4 Qc7 20. Bxd4 Bxd4+ 21. Nxd4 Qxf4 22. Qd2 Qc7 23. Nf5 Rcd8 24. Qg5 f6 25. Qg3 Qxg3 26. hxg3 Bc8 1/2-1/2

[Event "17th Spilimbergo Open 2019"]
[Site "Spilimbergo"]
[Date "2019.08.10"]
[Round "3.6"]
[White "Gschnitzer, Adrian"]
[Black "Petrov, Martin"]
[Result "1/2-1/2"]
[WhiteElo "2410"]
[BlackElo "2477"]
[PlyCount "73"]
[EventDate "2019.08.09"]
[EventType "swiss"]
[EventCountry "ITA"]
[TimeControl "5400+30"]
[WhiteClock "0:02:46"]
[BlackClock "0:55:00"]

1. c4 c5 2. Nf3 Nc6 3. d4 cxd4 4. Nxd4 Nf6 5. Nc3 g6 6. e4 d6 7. Be2 Nxd4 8. Qxd4 Bg7 9. Be3 O-O 10. Qd2 a5 11. O-O a4 12. Rad1 Qa5 13. Bd4 Be6 14. f4 Rfc8 15. b3 axb3 16. axb3 Qb4 17. f5 Bd7 18. Bxf6 Bxf6 19. Nd5 Qxd2 20. Nxf6+ Kg7 21. Rxd2 Kxf6 22. e5+ Kxe5 23. fxg6 hxg6 24. Rxf7 Ra1+ 25. Kf2 Ke6 26. Rf4 Ke5 27. Ke3 Bc6 28. g3 Ra3 29. Bg4 Rca8 30. Re2 d5 31. Kf2+ Kd6 32. Re6+ Kc7 33. Rxe7+ Kb6 34. cxd5 Bxd5 35. Rf6+ Kc5 36. Bf3 Rxb3 37. Bxd5 1/2-1/2

[Event "17th Spilimbergo Open 2019"]
[Site "Spilimbergo"]
[Date "2019.08.10"]
[Round "3.7"]
[White "Lodici, Lorenzo"]
[Black "Nikolovski, Nikola"]
[Result "0-1"]
[WhiteElo "2472"]
[BlackElo "2409"]
[PlyCount "68"]
[EventDate "2019.08.09"]
[EventType "swiss"]
[EventCountry "ITA"]
[TimeControl "5400+30"]
[WhiteClock "0:02:38"]
[BlackClock "0:27:00"]

1. d4 e6 2. Nf3 f5 3. g3 Nf6 4. Bg2 Be7 5. O-O O-O 6. c4 d6 7. Nc3 Ne4 8. Nxe4 fxe4 9. Nd2 d5 10. f3 Nc6 11. fxe4 Rxf1+ 12. Nxf1 dxc4 13. Be3 b5 14. a4 b4 15. e5 Bd7 16. Nd2 c3 17. bxc3 bxc3 18. Ne4 Bb4 19. Qd3 Rb8 20. Ng5 g6 21. d5 Nxe5 22. Qd4 c2 23. Rf1 Bd6 24. dxe6 Be8 25. Bd5 Qe7 26. Nf7 Rb1 27. Nxe5 Bc5 28. Qc3 Bxe3+ 29. Qxe3 Qd6 30. Bb3 Qb6 31. Qxb6 Rxf1+ 32. Kg2 axb6 33. Bxc2 Rc1 34. Bb3 Kf8 0-1

[Event "17th Spilimbergo Open 2019"]
[Site "Spilimbergo"]
[Date "2019.08.10"]
[Round "3.8"]
[White "Sonis, Francesco"]
[Black "Kumar, Nikhil"]
[Result "1-0"]
[WhiteElo "2459"]
[BlackElo "2272"]
[PlyCount "97"]
[EventDate "2019.08.09"]
[EventType "swiss"]
[EventCountry "ITA"]
[TimeControl "5400+30"]
[WhiteClock "0:27:00"]
[BlackClock "0:15:25"]

1. c4 e6 2. Nc3 d5 3. d4 Nf6 4. cxd5 Nxd5 5. e4 Nxc3 6. bxc3 c5 7. Nf3 cxd4 8. cxd4 Bb4+ 9. Bd2 Bxd2+ 10. Qxd2 O-O 11. Bc4 Nd7 12. O-O b6 13. Rfe1 Bb7 14. h3 h6 15. Re3 Rc8 16. Bb3 Re8 17. Rd1 Nf6 18. Qe2 Qe7 19. Ne5 Red8 20. f4 Qb4 21. a3 Qa5 22. Nxf7 Kxf7 23. f5 Kg8 24. Bxe6+ Kh8 25. e5 Nd5 26. Rg3 Nf4 27. Qg4 Nxe6 28. fxe6 Rg8 29. e7 Rce8 30. Qh4 Qd5 31. Rf1 Qe6 32. Rf6 Qxe7 33. Rgg6 Bd5 34. Rxh6+ gxh6 35. Rxh6+ Kg7 36. Rh7+ Kf8 37. Qf4+ Qf7 38. Rxf7+ Bxf7 39. d5 Rg7 40. e6 Kg8 41. exf7+ Rxf7 42. Qh4 Ree7 43. d6 Rd7 44. Qh6 Rg7 45. Qe6+ Kh7 46. h4 Rd8 47. h5 Rdg8 48. Qe4+ Kh8 49. h6 1-0

[Event "17th Spilimbergo Open 2019"]
[Site "Spilimbergo"]
[Date "2019.08.10"]
[Round "3.9"]
[White "Percivaldi, Martin"]
[Black "Ankit, R. Rajpara"]
[Result "1/2-1/2"]
[WhiteElo "2391"]
[BlackElo "2454"]
[PlyCount "27"]
[EventDate "2019.08.09"]
[EventType "swiss"]
[EventCountry "ITA"]
[TimeControl "5400+30"]
[WhiteClock "1:01:00"]
[BlackClock "1:15:00"]

1. Nf3 Nf6 2. g3 d5 3. Bg2 e6 4. O-O Be7 5. d3 b6 6. Nbd2 Bb7 7. c4 O-O 8. b3 c5 9. Bb2 d4 10. b4 Qc7 11. b5 e5 12. Qc2 Nbd7 13. a4 a5 14. e4 1/2-1/2

[Event "17th Spilimbergo Open 2019"]
[Site "Spilimbergo"]
[Date "2019.08.10"]
[Round "3.10"]
[White "Nisipeanu, Liviu-Dieter"]
[Black "Morozov, Nichita"]
[Result "1-0"]
[WhiteElo "2666"]
[BlackElo "2389"]
[PlyCount "59"]
[EventDate "2019.08.09"]
[EventType "swiss"]
[EventCountry "ITA"]
[TimeControl "5400+30"]
[WhiteClock "0:54:00"]
[BlackClock "0:43:00"]

1. e4 e5 2. Nf3 Nc6 3. Bb5 a6 4. Ba4 Nf6 5. O-O Be7 6. d3 b5 7. Bb3 O-O 8. Nc3 Bb7 9. Bd2 d6 10. a4 Na5 11. Ba2 b4 12. Ne2 d5 13. exd5 Bxd5 14. Bxd5 Qxd5 15. Ng3 Nc6 16. Bg5 Nd7 17. Bxe7 Nxe7 18. d4 e4 19. Nxe4 Qxe4 20. Re1 Qd5 21. Rxe7 Rad8 22. Qe2 Nb8 23. Rxc7 Nc6 24. c3 Qd6 25. Rb7 Rfe8 26. Qxa6 bxc3 27. bxc3 Nxd4 28. Qxd6 Nxf3+ 29. gxf3 Rxd6 30. a5 1-0

[Event "17th Spilimbergo Open 2019"]
[Site "Spilimbergo"]
[Date "2019.08.10"]
[Round "3.11"]
[White "Saric, Ivan"]
[Black "Collutiis, Duilio"]
[Result "1-0"]
[WhiteElo "2660"]
[BlackElo "2402"]
[PlyCount "73"]
[EventDate "2019.08.09"]
[EventType "swiss"]
[EventCountry "ITA"]
[TimeControl "5400+30"]
[WhiteClock "0:05:35"]
[BlackClock "0:43:00"]

1. e4 e5 2. Nf3 Nc6 3. Bb5 a6 4. Ba4 d6 5. O-O Bd7 6. d4 Nf6 7. d5 Ne7 8. Bxd7+ Qxd7 9. Re1 g6 10. c4 Bg7 11. Nc3 O-O 12. a4 Ne8 13. a5 h6 14. Qb3 Rb8 15. c5 Kh7 16. Be3 dxc5 17. Na4 Nd6 18. Nxc5 Qd8 19. Qa4 Nb5 20. Nd3 f5 21. Nfxe5 fxe4 22. Qxe4 Nd6 23. Qg4 h5 24. Qe6 Rf6 25. Qh3 Rf5 26. g4 Rxe5 27. Nxe5 Bxe5 28. gxh5 Bf6 29. hxg6+ Kxg6 30. Kh1 Nef5 31. Rg1+ Kf7 32. Qh5+ Kf8 33. Bh6+ Ng7 34. Bxg7+ Bxg7 35. Rxg7 Kxg7 36. Rg1+ Kf6 37. Qg5+ 1-0

[Event "17th Spilimbergo Open 2019"]
[Site "Spilimbergo"]
[Date "2019.08.10"]
[Round "3.12"]
[White "Basso, Pier Luigi"]
[Black "Solomon, Kenny"]
[Result "1-0"]
[WhiteElo "2576"]
[BlackElo "2373"]
[PlyCount "183"]
[EventDate "2019.08.09"]
[EventType "swiss"]
[EventCountry "ITA"]
[TimeControl "5400+30"]
[BlackClock "0:01:12"]

1. d4 Nf6 2. c4 e6 3. Nf3 b6 4. g3 Ba6 5. b3 Bb4+ 6. Bd2 Be7 7. Nc3 O-O 8. Bg2 c6 9. e4 d5 10. exd5 cxd5 11. Ne5 Bb7 12. O-O Nc6 13. Bf4 Bb4 14. Rc1 Rc8 15. Nb5 Qe7 16. a3 a6 17. Nxc6 Bxc6 18. axb4 axb5 19. c5 bxc5 20. bxc5 Qb7 21. Be5 Nd7 22. Bd6 Rfe8 23. Qd2 Ra8 24. Ra1 Nf6 25. f3 Rxa1 26. Rxa1 Ra8 27. Ra5 Ne8 28. Bf4 Rxa5 29. Qxa5 Qd7 30. Bf1 f6 31. Qb6 Kf7 32. Bb8 g5 33. f4 gxf4 34. Bxf4 Ng7 35. Bd3 Nf5 36. Qb8 Qe8 37. Qa7+ Qd7 38. Qa1 Kg8 39. Kf2 Ne7 40. Ke3 Ng6 41. Kd2 Qb7 42. Qa5 Nxf4 43. gxf4 b4 44. Qd8+ Kg7 45. h4 Qa7 46. h5 Qf7 47. Be2 Kh6 48. Qa5 Qb7 49. Ke3 Kg7 50. Qd8 h6 51. Qa5 Qb8 52. Qa1 Kh8 53. Qe1 Bd7 54. Bd3 Be8 55. Qh4 Qd8 56. Kd2 Qe7 57. Kc1 Qd8 58. Kb2 Qe7 59. Qe1 e5 60. fxe5 fxe5 61. Qxe5+ Qxe5 62. dxe5 Kg8 63. Kc2 Kf8 64. Bf5 Bb5 65. Kd2 d4 66. Be4 Ke7 67. Bb7 Be8 68. Kd3 Bf7 69. Kxd4 Bxb3 70. Bf3 Bf7 71. c6 Kd8 72. Kc5 Kc7 73. Kxb4 Kb6 74. Kc3 Be8 75. Kd4 Bf7 76. Ke3 Be6 77. Kf4 Kc7 78. Ke3 Bf7 79. Kd4 Kb6 80. Kd3 Kc7 81. Ke3 Bb3 82. Kf4 Be6 83. Bg4 Bb3 84. Kf5 Bc2+ 85. Kf6 Kxc6 86. e6 Kd6 87. e7 Ba4 88. Bf5 Bb5 89. Bg6 Ba4 90. e8=Q Bxe8 91. Bxe8 Kd5 92. Kg6 1-0

[Event "17th Spilimbergo Open 2019"]
[Site "Spilimbergo"]
[Date "2019.08.11"]
[Round "4.1"]
[White "Nikolovski, Nikola"]
[Black "Kovalev, Vladislav"]
[Result "0-1"]
[WhiteElo "2409"]
[BlackElo "2651"]
[PlyCount "102"]
[EventDate "2019.08.09"]
[EventType "swiss"]
[EventCountry "ITA"]
[TimeControl "5400+30"]
[WhiteClock "0:09:00"]
[BlackClock "0:00:36"]

1. e4 e5 2. Nf3 Nc6 3. Bc4 Nf6 4. d3 Bc5 5. O-O d6 6. c3 O-O 7. h3 a5 8. Re1 h6 9. Nbd2 Be6 10. Bb5 Qb8 11. Bxc6 bxc6 12. d4 exd4 13. cxd4 Bb6 14. Nf1 d5 15. e5 Ne4 16. Be3 c5 17. Qc1 cxd4 18. Nxd4 Re8 19. f3 Nc5 20. Qc3 Bd7 21. Nc6 Qb7 22. Bxc5 Qxc6 23. Rac1 Qxc5+ 24. Qxc5 Bxc5+ 25. Rxc5 c6 26. Re2 a4 27. g4 Reb8 28. f4 h5 29. f5 hxg4 30. hxg4 Rb4 31. Nh2 Rab8 32. Rcc2 Kf8 33. Kf2 Ke7 34. Kg3 g6 35. f6+ Kd8 36. Rg2 Kc7 37. Kf3 Be6 38. Rgd2 R8b5 39. a3 Re4 40. Re2 Rb3+ 41. Kg2 Rxe2+ 42. Rxe2 c5 43. Rd2 d4 44. Kf2 Bd5 45. Nf1 Rf3+ 46. Ke1 Kc6 47. Rf2 Rxf2 48. Kxf2 Kd7 49. Kg3 g5 50. Kf2 Ke6 51. Nd2 Kxe5 0-1

[Event "17th Spilimbergo Open 2019"]
[Site "Spilimbergo"]
[Date "2019.08.11"]
[Round "4.2"]
[White "Bosiocic, Marin"]
[Black "Dragnev, Valentin"]
[Result "1-0"]
[WhiteElo "2611"]
[BlackElo "2535"]
[PlyCount "71"]
[EventDate "2019.08.09"]
[EventType "swiss"]
[EventCountry "ITA"]
[TimeControl "5400+30"]
[WhiteClock "0:00:42"]
[BlackClock "0:55:00"]

1. d4 Nf6 2. c4 e6 3. Nf3 d5 4. g3 Bb4+ 5. Nbd2 dxc4 6. Bg2 b5 7. O-O a5 8. a3 Be7 9. b3 cxb3 10. Qxb3 c6 11. Ne5 Bb7 12. Bb2 O-O 13. Rfc1 Nfd7 14. Nd3 Qb6 15. Ne4 Na6 16. Qc3 b4 17. axb4 axb4 18. Qc4 Rfb8 19. Bh3 Qd8 20. Ndc5 Ndxc5 21. dxc5 Qd5 22. Qc2 f5 23. Nd2 Nxc5 24. Bg2 Qd8 25. Rd1 Rxa1 26. Bxa1 Qf8 27. Nb3 Nxb3 28. Qxb3 Qf7 29. Rd7 Bc8 30. Rc7 e5 31. Qa4 b3 32. Bxc6 b2 33. Bxb2 Rxb2 34. Rxc8+ Bf8 35. Rd8 Ra2 36. Rxf8+ 1-0

[Event "17th Spilimbergo Open 2019"]
[Site "Spilimbergo"]
[Date "2019.08.11"]
[Round "4.3"]
[White "Nisipeanu, Liviu-Dieter"]
[Black "Sonis, Francesco"]
[Result "1/2-1/2"]
[WhiteElo "2666"]
[BlackElo "2459"]
[PlyCount "59"]
[EventDate "2019.08.09"]
[EventType "swiss"]
[EventCountry "ITA"]
[TimeControl "5400+30"]
[WhiteClock "0:30:00"]
[BlackClock "0:15:03"]

1. e4 e5 2. Nf3 Nc6 3. Bb5 a6 4. Ba4 Nf6 5. O-O b5 6. Bb3 Bb7 7. d3 Bc5 8. Nc3 O-O 9. a3 h6 10. Nd5 d6 11. Kh1 Nd7 12. c3 Ne7 13. Ne3 Bxe3 14. Bxe3 d5 15. Nd2 c5 16. f4 c4 17. dxc4 dxc4 18. Bc2 exf4 19. Rxf4 Ng6 20. Rf5 Nde5 21. Qh5 f6 22. h3 Qe8 23. Bd4 Rd8 24. b3 Bc8 25. Rf2 Be6 26. bxc4 bxc4 27. Rb1 Rb8 28. Rff1 Qe7 29. a4 Bf7 30. Qe2 1/2-1/2

[Event "17th Spilimbergo Open 2019"]
[Site "Spilimbergo"]
[Date "2019.08.11"]
[Round "4.4"]
[White "Yankelevich, Lev"]
[Black "Saric, Ivan"]
[Result "0-1"]
[WhiteElo "2480"]
[BlackElo "2660"]
[PlyCount "96"]
[EventDate "2019.08.09"]
[EventType "swiss"]
[EventCountry "ITA"]
[TimeControl "5400+30"]
[WhiteClock "0:36:00"]
[BlackClock "0:02:32"]

1. d4 Nf6 2. c4 g6 3. Nc3 Bg7 4. e4 d6 5. h3 e5 6. d5 a5 7. Be3 Na6 8. Nf3 O-O 9. g4 Nd7 10. Rg1 Ndc5 11. h4 Kh8 12. Qd2 Bd7 13. h5 gxh5 14. g5 f5 15. gxf6 Qxf6 16. Be2 Nb4 17. Ng5 Bh6 18. O-O-O Nxa2+ 19. Kb1 Nxc3+ 20. Qxc3 Bg4 21. Bxg4 Bxg5 22. Bf5 Bxe3 23. Qxe3 Rg8 24. Qf3 Qh6 25. Rxg8+ Rxg8 26. Rh1 Rg5 27. Qc3 Qg7 28. Ka2 b6 29. Qf3 Qf7 30. Qc3 Kg8 31. Qe3 h6 32. Rh3 Qe8 33. Rg3 Qe7 34. Rh3 Kh8 35. Qf3 Qe8 36. b3 Qf7 37. Ka3 Kg7 38. Qh1 Qe8 39. Rf3 b5 40. Qh3 bxc4 41. Be6 Qb8 42. Kb2 Nxb3 43. Bc8 Nd2+ 44. Kc2 Qb1+ 45. Kxd2 Qb2+ 46. Ke3 Qc3+ 47. Ke2 Qc2+ 48. Ke3 Qd3# 0-1

[Event "17th Spilimbergo Open 2019"]
[Site "Spilimbergo"]
[Date "2019.08.11"]
[Round "4.5"]
[White "Petrov, Martin"]
[Black "Basso, Pier Luigi"]
[Result "1/2-1/2"]
[WhiteElo "2477"]
[BlackElo "2576"]
[PlyCount "24"]
[EventDate "2019.08.09"]
[EventType "swiss"]
[EventCountry "ITA"]
[TimeControl "5400+30"]
[WhiteClock "1:30:00"]
[BlackClock "1:08:00"]

1. e4 c5 2. Nf3 e6 3. d4 cxd4 4. Nxd4 Nf6 5. Nc3 Nc6 6. Ndb5 Bc5 7. Bf4 O-O 8. Bc7 Qe7 9. Bd6 Bxd6 10. Qxd6 Qd8 11. Qc7 d5 12. exd5 exd5 1/2-1/2

[Event "17th Spilimbergo Open 2019"]
[Site "Spilimbergo"]
[Date "2019.08.11"]
[Round "4.6"]
[White "Ankit, R. Rajpara"]
[Black "Brunello, Sabino"]
[Result "1/2-1/2"]
[WhiteElo "2454"]
[BlackElo "2556"]
[PlyCount "51"]
[EventDate "2019.08.09"]
[EventType "swiss"]
[EventCountry "ITA"]
[TimeControl "5400+30"]
[WhiteClock "0:01:57"]
[BlackClock "0:13:44"]

1. d4 Nf6 2. c4 e6 3. g3 d5 4. Nf3 Be7 5. Bg2 O-O 6. O-O dxc4 7. Qa4 c6 8. Qxc4 b5 9. Qc2 Bb7 10. Bg5 Nbd7 11. Bxf6 Nxf6 12. Nbd2 Rc8 13. Nb3 c5 14. dxc5 Bd5 15. Rfd1 a5 16. a4 bxa4 17. Rxa4 Qb6 18. cxb6 Rxc2 19. Nxa5 Rxb2 20. Nc4 Bxc4 21. Rxc4 Rxb6 22. Ne5 Rd6 23. Rb1 Nd7 24. Nd3 Bf6 25. Rb5 Rb6 26. Rxb6 1/2-1/2

[Event "17th Spilimbergo Open 2019"]
[Site "Spilimbergo"]
[Date "2019.08.11"]
[Round "4.7"]
[White "Skembris, Spyridon"]
[Black "Vetoshko, Volodymyr"]
[Result "1/2-1/2"]
[WhiteElo "2413"]
[BlackElo "2495"]
[PlyCount "33"]
[EventDate "2019.08.09"]
[EventType "swiss"]
[EventCountry "ITA"]
[TimeControl "5400+30"]
[WhiteClock "1:12:00"]
[BlackClock "1:07:00"]

1. c4 Nf6 2. Nf3 e6 3. g3 d5 4. Bg2 dxc4 5. Qa4+ c6 6. Qxc4 b5 7. Qc2 Bb7 8. b3 Nbd7 9. Bb2 Be7 10. Nc3 a6 11. a4 Qb6 12. O-O O-O 13. Ne4 Nxe4 14. Qxe4 c5 15. Qc2 Bf6 16. Bxf6 Nxf6 17. Rfc1 1/2-1/2

[Event "17th Spilimbergo Open 2019"]
[Site "Spilimbergo"]
[Date "2019.08.11"]
[Round "4.8"]
[White "Miron, Lucian-Costin"]
[Black "Barp, Alberto"]
[Result "1/2-1/2"]
[WhiteElo "2494"]
[BlackElo "2411"]
[PlyCount "101"]
[EventDate "2019.08.09"]
[EventType "swiss"]
[EventCountry "ITA"]
[TimeControl "5400+30"]
[BlackClock "0:07:14"]

1. d4 d5 2. c4 e6 3. Nf3 Nf6 4. g3 dxc4 5. Bg2 Bb4+ 6. Bd2 a5 7. Qc2 Bxd2+ 8. Qxd2 c6 9. a4 Ne4 10. Qf4 Qb6 11. Nbd2 Nxd2 12. Nxd2 Qb4 13. O-O Nd7 14. Rfc1 Nb6 15. Qe3 O-O 16. Qc3 Qxc3 17. Rxc3 Rd8 18. Nxc4 Nxc4 19. Rxc4 e5 20. dxe5 Rd2 21. b4 Be6 22. Re4 Bd5 23. Rf4 Bxg2 24. Kxg2 Rxe2 25. Rd1 Rxe5 26. Rd7 f6 27. Rxb7 axb4 28. Rfxb4 Rea5 29. Rg4 Rg5 30. Rc4 Rga5 31. Rg4 Rg5 32. Rc4 Rga5 33. Rxc6 Rxa4 34. Rcc7 Rg4 35. h3 Rg5 36. Rc4 Rga5 37. Rg4 Rg5 38. Rc4 Rga5 39. Rc6 Ra4 40. Rcc7 Rg4 41. h4 Rg6 42. Kh3 h6 43. Rf7 f5 44. Rfd7 Rf8 45. Rb5 h5 46. Kg2 Rgf6 47. Rf7 R8xf7 48. Kf3 Kh7 49. Kf4 Kg6 50. Rd5 Ra6 51. f3 1/2-1/2

[Event "17th Spilimbergo Open 2019"]
[Site "Spilimbergo"]
[Date "2019.08.11"]
[Round "4.9"]
[White "Rahul Srivatshav P"]
[Black "Castellanos Rodriguez, Renier"]
[Result "1-0"]
[WhiteElo "2410"]
[BlackElo "2493"]
[PlyCount "75"]
[EventDate "2019.08.09"]
[EventType "swiss"]
[EventCountry "ITA"]
[TimeControl "5400+30"]
[WhiteClock "0:07:46"]
[BlackClock "0:26:00"]

1. Nf3 Nf6 2. c4 e6 3. g3 b6 4. Bg2 Bb7 5. O-O c5 6. b3 Be7 7. Nc3 O-O 8. d4 cxd4 9. Qxd4 Na6 10. Bb2 Nc5 11. Rad1 d6 12. Nb5 Qb8 13. b4 Nce4 14. Nd2 Nxd2 15. Qxd2 Bxg2 16. Kxg2 Qb7+ 17. f3 Rad8 18. Bxf6 Bxf6 19. Nxd6 Qc6 20. Qf4 Qa4 21. c5 bxc5 22. bxc5 Qxa2 23. Qe4 Qa3 24. Rd3 Qb2 25. c6 Be7 26. Nb7 Rc8 27. Rd7 Rfe8 28. Rfd1 Qb6 29. Qf4 Qxc6 30. Nd6 Qxd7 31. Qxf7+ Kh8 32. Nf5 exf5 33. Rxd7 Bf6 34. Qa2 a5 35. Rd5 a4 36. Ra5 h6 37. Rxa4 Rb8 38. Qc4 1-0

[Event "17th Spilimbergo Open 2019"]
[Site "Spilimbergo"]
[Date "2019.08.11"]
[Round "4.10"]
[White "Henderson de La Fuente, Lance"]
[Black "Gschnitzer, Adrian"]
[Result "1-0"]
[WhiteElo "2487"]
[BlackElo "2410"]
[PlyCount "57"]
[EventDate "2019.08.09"]
[EventType "swiss"]
[EventCountry "ITA"]
[TimeControl "5400+30"]
[WhiteClock "0:29:00"]
[BlackClock "0:56:00"]

1. e4 c5 2. Nf3 Nc6 3. d4 cxd4 4. Nxd4 Nf6 5. Nc3 e5 6. Ndb5 d6 7. Nd5 Nxd5 8. exd5 Nb8 9. a4 Be7 10. Be2 O-O 11. O-O Nd7 12. Bd2 f5 13. a5 a6 14. Na3 e4 15. Nc4 Ne5 16. Nb6 Rb8 17. f4 exf3 18. Bxf3 Bf6 19. c4 Nxf3+ 20. Qxf3 Bxb2 21. Rae1 g5 22. Qg3 h6 23. h4 Bd4+ 24. Kh1 Bf6 25. Bb4 Be5 26. Rxe5 f4 27. Qe1 dxe5 28. Qxe5 f3 29. Bc3 1-0